 Dungeon Sprint DCSS version 0.20.1-1-g8b1a95d (webtiles) character file.

437 JustSomeDude the Fighter (level 6, -2/61 HPs)
             Began as a Demonspawn Abyssal Knight on Aug 26, 2017.
             Was a Believer of Lugonu.
             Slain by Sonja
             ... wielding a +1 dagger of distortion
              (5 damage)
             ... in the Dungeon (Sprint I: "Red Sonja").
             The game lasted 00:02:59 (675 turns).

JustSomeDude the Fighter (Demonspawn Abyssal Knight) Turns: 675, Time: 00:03:01

Health: -2/61      AC:  7    Str: 13    XL:     6   Next: 69%
Magic:  9/9        EV: 17    Int: 13    God:    Lugonu [**....]
Gold:   153        SH:  3    Dex: 19    Spells: 5/5 levels left

rFire    . . .     SeeInvis .   a - +1 falchion
rCold    . . .     Gourm    .   (no shield)
rNeg     . . .     Faith    .   k - +0 ring mail
rPois    .         Spirit   .   (no helmet)
rElec    .         Reflect  +   (no cloak)
rCorr    .         Harm     .   (no gloves)
MR       .....     NoTele   +   (no boots)
Stlth    ++++......             l - +3 amulet of reflection
Regen    0.2/turn               (no ring)
MPRegen  0.2/turn               (no ring)

@: agile, hasted and slowed
A: rugged brown scales 1, nightstalker 2, spiny 1
a: Bend Space, Renounce Religion


You were in the Dungeon.
You worshipped Lugonu.
Lugonu was pleased with you.
You were not hungry.

You visited 1 branch You collected 341 gold pieces.
You spent 188 gold pieces at shops.

Inventory:

Hand Weapons
 a - a +1 falchion (weapon)
Armour
 k - a +0 ring mail (worn)
Jewellery
 l - a +3 amulet of reflection (around neck)
Wands
 j - a wand of polymorph (0/24)
Scrolls
 i - a scroll of blinking
Potions
 g - 2 potions of magic
Comestibles
 c - a bread ration
 h - 4 chunks of flesh


   Skills:
 + Level 9.9 Fighting
 + Level 7.4 Long Blades
 + Level 5.1 Armour
 + Level 3.2 Dodging
 + Level 1.5 Stealth
 + Level 5.0 Invocations


You had 5 spell levels left.
You didn't know any spells.

Dungeon Overview and Level Annotations

Branches:
Dungeon (1/1)

Altars:
Cheibriados
Dithmenos
Elyvilon
Fedhas
Gozag
Hepliaklqana
Kikubaaqudgha
Nemelex Xobeh
Okawaru
Qazlal
Ru
Sif Muna
Trog
Uskayaw
Vehumet
Yredelemnul
Zin
The Shining One

Shops:
D =

Annotations:
D Sonja


Innate Abilities, Weirdness & Mutations

You are partially covered in rugged brown scales. (AC +1, +3% HP)
You are significantly more attuned to the shadows.
You are partially covered in sharp spines.


Message History

Sonja hits you with an uncursed dagger of distortion!
Sonja barely misses you.
Sonja hits you with an uncursed dagger of distortion.
You feel a strange sense of stasis.
Sonja hits you with an uncursed dagger of distortion!
* * * LOW HITPOINT WARNING * * *
Space bends around you.
* * * LOW HITPOINT WARNING * * *
Sonja completely misses you.
Sonja hits you with an uncursed dagger of distortion.
* * * LOW HITPOINT WARNING * * *
You are too injured to fight recklessly!
You hit Sonja.
Sonja is moderately wounded.
Sonja misses you.
You riposte.
You miss Sonja.
Sonja is moderately wounded.
Sonja hits you with an uncursed dagger of distortion.
* * * LOW HITPOINT WARNING * * *
Space bends around you.
You die...

#..[..#..'..#..+
#..#####'#####'#
#..####..#...#)#
#..#__####..##.#
#..#_____##'#..+
#⌠⌠#_.∩..÷'..._#
####_..__##_.#'#
#_____###K#.#
#########@###
+$..+ #$($#
##(## #+#


You could see Sonja.

Vanquished Creatures
  Sigmund (D)
  A yak (D)
  An ogre (D)
  A jelly (D)
  Ijyb (D)
5 creatures vanquished.

Notes
Turn   | Place    | Note
-------+----------+-------------------------------------------
     0 | D        | JustSomeDude the Demonspawn Abyssal Knight began the quest for the Orb.
     0 | D        | Reached XP level 1. HP: 18/18 MP: 2/2
     1 | D        | Noticed Ijyb
    25 | D        | Killed Ijyb
    25 | D        | Reached skill level 5 in Fighting
    25 | D        | Reached skill level 1 in Dodging
    25 | D        | Gained mutation: You are slightly more attuned to the shadows. [demonic ancestry]
    25 | D        | Reached XP level 2. HP: 27/27 MP: 2/4
    42 | D        | Noticed an ogre
    50 | D        | Killed an ogre
    50 | D        | Reached ** piety under Lugonu
    50 | D        | Reached skill level 7 in Fighting
    50 | D        | Gained mutation: You are partially covered in sharp spines. [demonic ancestry]
    50 | D        | Reached XP level 3. HP: 5/36 MP: 4/6
    50 | D        | Reached XP level 4. HP: 6/43 MP: 4/7
   314 | D        | Noticed Sigmund
   326 | D        | Killed Sigmund
   326 | D        | Reached skill level 9 in Fighting
   326 | D        | Gained mutation: You are partially covered in rugged brown scales. (AC +1, +3% HP) [demonic ancestry]
   326 | D        | Reached XP level 5. HP: 29/53 MP: 8/8
   326 | D        | Gained mutation: You are significantly more attuned to the shadows. [demonic ancestry]
   326 | D        | Reached XP level 6. HP: 33/59 MP: 9/9
   484 | D        | Found a deep blue altar of Sif Muna.
   486 | D        | Found a radiant altar of Vehumet.
   555 | D        | Found Myxo Soasu's Jewellery Emporium.
   555 | D        | Found a hazy altar of Hepliaklqana.
   555 | D        | Found a stormy altar of Qazlal.
   555 | D        | Found a hide-covered altar of Uskayaw.
   555 | D        | Found a blossoming altar of Fedhas.
   555 | D        | Found a bloodstained altar of Trog.
   555 | D        | Found a snail-covered altar of Cheibriados.
   555 | D        | Noticed a yak
   556 | D        | Found an iron altar of Okawaru.
   556 | D        | Found an opulent altar of Gozag.
   556 | D        | Found a sacrificial altar of Ru.
   556 | D        | Found a glowing silver altar of Zin.
   566 | D        | Killed a yak
   566 | D        | Reached skill level 5 in Armour
   566 | D        | Reached skill level 1 in Stealth
   566 | D        | Reached skill level 5 in Invocations
   567 | D        | Found an ancient bone altar of Kikubaaqudgha.
   567 | D        | Found a basalt altar of Yredelemnul.
   567 | D        | Found a glowing golden altar of the Shining One.
   567 | D        | Found a sparkling altar of Nemelex Xobeh.
   567 | D        | Found a shadowy altar of Dithmenos.
   567 | D        | Found a white marble altar of Elyvilon.
   573 | D        | Bought a +3 amulet of reflection for 188 gold pieces
   662 | D        | Noticed Sonja
   675 | D        | HP: 3/61 [Sonja/uncursed dagger of distortion (3)]
   675 | D        | Slain by Sonja

Skill      XL: |  1  2  3  4  5  6 |
---------------+-------------------+-----
Fighting       | 5 7 9 |  9.9
Long Blades    | 2 4 6 7 |  7.4
Armour         | 2 3 4 5 |  5.1
Dodging        | 1 2 3 |  3.2
Invocations    | 3 4 5 |  5.0
Stealth        | 1 |  1.5

Action                   |  1- 3 |  4- 6 || total
-------------------------+-------+-------++-------
Melee: Falchion          |    25 |    27 ||    52
Invok: Bend Space        |       |     1 ||     1
  Use: Potion            |     1 |     4 ||     5
 Stab: Sleeping          |       |     2 ||     2
Armor: Skin              |     9 |       ||     9
       Leather armour    |     2 |       ||     2
       Ring mail         |       |     9 ||     9
Dodge: Dodged            |     2 |    24 ||    26
Block: Other             |       |     2 ||     2
       Reflection        |       |     1 ||     1
       Rpst.: Falchion   |       |     7 ||     7
